cohdb
Replays
Latest Replays
All Replays
Popular Replays
Top Player Replays
Match Explorer
How It Works
Community
CoH3 Stats
Reddit
Sign in to upload your games and track your stats! →
Sign in with Steam
Match 44420151
Unlisted
Match 44420151
Overview
Messages
Build Orders
End
Vickers Machine Gun Team
Construct Section Command Post
Construct Section Command Post
Infantry Section
Construct Field Infirmary
Selects Canadian Shock Battlegroup
Selects Attacking Spirit
Selects Canadian Shock Section
Canadian Shock Section
Construct Platoon Command Post
Selects Incendiary Munitions
Humber Armored Car
6-pounder Anti-tank Gun Team
Canadian Shock Section
Construct Company Command Post
Selects Pyrotechnics
Vickers Machine Gun Team
Unlock M3 Grant Medium Tanks
M3 Grant Medium Tank
DKa
Guts
.w3rd.
MrFuchsia
King Raptor
SHELDONATOR
Hot Dog 7
Carnage
0
0
Comments
sign in to comment!
No comments posted yet!